 Dungeon Crawl Stone Soup version 0.29.1-2-gbd0b4ee654 (webtiles) character file.

Game seed: 3106753501352198127

683 xian the Chopper (level 7, 0/55 HPs)
             Began as a Formicid Berserker on Nov 22, 2022.
             Was a Follower of Zin.
             Slain by a polar bear (1 damage)
             ... created by the rage of Trog
             ... on level 4 of the Dungeon.
             The game lasted 00:10:45 (4396 turns).

xian the Chopper (Formicid Berserker)               Turns: 4396, Time: 00:10:45

Health: 0/55       AC:  3    Str: 21 (23) XL:     7   Next: 93%
Magic:  7/7        EV: 17    Int:  7      God:    Zin [*.....]
Gold:   161        SH:  0    Dex: 13      Spells: 6/6 levels left

rFire   . . .      SeeInvis +   a - +0 hand axe
rCold   . . .      Faith    .   (no shield)
rNeg    . . .      Spirit   .   i - +0 robe
rPois   .          Reflect  .   (helmet unavailable)
rElec   .          Harm     .   F - +0 cloak {Stlth+}
rCorr   .          Rampage  .   (no gloves)
Will    .....                   (no boots)
Stlth   +++.......              (no amulet)
HPRegen 0.18/turn               d - +4 ring of slaying
MPRegen 0.10/turn               f - +4 ring of evasion

@: no status effects
A: permanent stasis, dig shafts and tunnels, antennae 3, four strong arms
a: Dig, Shaft Self, Renounce Religion, Recite, Donate Gold


You were on level 4 of the Dungeon.
You worshipped Zin.
Zin was aware of your devotion.
You visited 1 branch of the dungeon, and saw 4 of its levels.

You collected 191 gold pieces.
You spent 13 gold pieces at shops.
You donated 17 gold pieces to Zin.

Inventory:

Hand Weapons
 a - a +0 hand axe (weapon)
Missiles
 u - a javelin
 v - 4 poisoned darts (quivered)
 y - 5 boomerangs
Armour
 i - a +0 robe (worn)
 F - a +0 cloak of stealth (worn)
Jewellery
 b - a +4 ring of evasion
 d - a +4 ring of slaying (left hand)
 f - a +4 ring of evasion (right hand)
 q - a +6 ring of intelligence
 r - a +6 ring of strength
Scrolls
 g - 2 scrolls of summoning {unknown}
 h - 3 scrolls of teleportation
 m - 4 scrolls of identify {unknown}
 n - a scroll of poison {unknown}
 o - a scroll of magic mapping {unknown}
 p - a scroll of amnesia {unknown}
 s - a scroll of torment {unknown}
 t - 2 scrolls of immolation {unknown}
 x - a scroll of brand weapon {unknown}
 D - a scroll of enchant armour {unknown}
 E - a scroll of vulnerability {unknown}
Potions
 c - 2 potions of might {unknown}
 e - a potion of lignification {unknown}
 j - 2 potions of heal wounds {unknown}
 k - a potion of invisibility {unknown}
 l - a potion of berserk rage {unknown}
 w - a potion of brilliance {unknown}
 z - a potion of cancellation {unknown}
 A - a potion of flight {unknown}
 B - 2 potions of curing {unknown}


   Skills:
 + Level 4.9 Fighting
 + Level 6.1 Axes
 + Level 1.5 Throwing
 + Level 2.3 Armour
 + Level 3.5 Dodging
 + Level 3.5 Stealth
 * Level 0.6 Invocations


You had 6 spell levels left.
You didn't know any spells.
Your spell library contained the following spells:

 Spells                   Type           Power      Damage    Failure   Level
 Magic Dart               Conj           0%         1d3       43%         1
 Searing Ray              Conj           0%         2d4       56%         2
 Fulminant Prism          Conj/Hex       0%         3d6       99%         4
 Borgnjor's Revivificati  Necr           0%         N/A       100%        8
 Necromutation            Tmut/Necr      0%         N/A       100%        8
 Death's Door             Necr           0%         N/A       100%        9


Dungeon Overview and Level Annotations

Branches:
Dungeon (4/15)
 Temple: D:4-7

Altars:
Zin

Shops:
D:1 !


Innate Abilities, Weirdness & Mutations

You cannot be hasted, slowed, berserked, paralysed or teleported.
You can dig through walls and to a lower floor.
You have a pair of large antennae on your head. (SInv)
Your four strong arms can wield two-handed weapons with a shield.


Message History

Things that are here:
a +2 quarterstaff of chaos; a +0 cloak of stealth
F - a +0 cloak of stealth
Okay, then.
You start putting on your armour.
You continue putting on your +0 cloak of stealth. x4
You finish putting on your +0 cloak of stealth.
You feel stealthy.
Unknown command.
You drop a +0 animal skin.
You feel a little less agile now.
Trog's voice booms out, "Feel my wrath!"
You feel weakened.
Trog sends monsters to punish you. 3 polar bears and 4 black bears come into view.
As you read the scroll labelled JOMMAA ROSIQ, it crumbles to dust.
You feel a strange sense of stasis.
It was a scroll of teleportation.
Unknown command.
You slash the polar bear!
The polar bear is lightly wounded.
You completely miss the black bear. You hit the polar bear.
The polar bear bites you!
The polar bear claws you but does no damage.
The polar bear closely misses you. The polar bear completely misses you.
The polar bear misses you. The polar bear barely misses you.
You hit the polar bear but do no damage.
The polar bear is lightly wounded.
You hit the black bear. You hit the polar bear.
You hit the polar bear but do no damage.
The black bear closely misses you. The black bear claws you.
The black bear completely misses you. The polar bear bites you!
* * * LOW HITPOINT WARNING * * *
The polar bear claws you.
* * * LOW HITPOINT WARNING * * *
The polar bear barely misses you. x2; The polar bear claws you.
* * * LOW HITPOINT WARNING * * *
The polar bear barely misses you.
The black bear completely misses you. x2
The black bear barely misses you. The polar bear completely misses you.
The polar bear claws you.
You die...

#..#.# ######..##.#.##.#
##....###.....).##.#.##.# #
##..........))...##.#.##.#######
#.....################....<.....
#.....# ###.####### #.##..# #.#
# #.##..#### ##### #.# #
#<##...#.## ###hh)# #.# #
#.##......####h@hh.# #.# #
#...)......#.h##h..# ###.# #
#####..#).#.######## #...# #
#†####### ##### # #.# #
#.########## #### #
#..#.#....<###..# #
#..#.#.###......# # #..#...#
#...#..#


You could see 3 polar bears and 4 black bears.

Vanquished Creatures
  Sigmund (D:3)
  Menkaure (D:4)
  A phantom (D:4)
  5 hounds (D:4)
  Crazy Yiuf (D:4)
  Robin (D:4)
  2 adders
  An ufetubus (D:3)
  2 worms
  A dart slug (D:1)
  14 orcs (D:3)
  5 endoplasms
  7 giant cockroaches
  15 goblins
  10 hobgoblins
  5 quokkas
  3 ball pythons
  5 bats
  2 frilled lizards
  13 kobolds
  7 rats
102 creatures vanquished.

Notes
Turn   | Place    | Note
-------+----------+-------------------------------------------
     0 | D:1      | xian the Formicid Berserker began the quest for the Orb.
     0 | D:1      | Reached XP level 1. HP: 18/18 MP: 1/1
   261 | D:1      | Reached XP level 2. HP: 20/24 MP: 2/2
   267 | D:1      | Reached skill level 1 in Stealth
   613 | D:1      | Found Deodumyst's Distillery.
   637 | D:1      | Bought a potion of degeneration for 13 gold pieces
   680 | D:1      | Reached XP level 3. HP: 25/29 MP: 3/3
  1194 | D:2      | Reached ** piety under Trog
  1558 | D:2      | Reached XP level 4. HP: 37/37 MP: 4/4
  2385 | D:3      | Reached skill level 4 in Axes
  2620 | D:3      | Noticed Sigmund
  2630 | D:3      | Killed Sigmund
  2631 | D:3      | Reached XP level 5. HP: 39/42 MP: 5/5
  2631 | D:3      | Reached XP level 6. HP: 45/48 MP: 6/6
  3037 | D:3      | Found a faded altar of an unknown god.
  3117 | D:4      | Reached skill level 1 in Throwing
  3123 | D:4      | Reached skill level 5 in Axes
  3214 | D:4      | Reached *** piety under Trog
  3261 | D:4      | Reached XP level 7. HP: 48/55 MP: 7/7
  3426 | D:4      | Noticed Menkaure
  3434 | D:4      | Killed Menkaure
  3661 | D:4      | Noticed Robin
  3683 | D:4      | Killed Robin
  3886 | D:4      | Found a glowing silver altar of Zin.
  3886 | D:4      | Noticed an angel
  3894 | D:4      | Fell from the grace of Trog
  3894 | D:4      | Became a worshipper of Zin the Law-Giver
  3894 | D:4      | Reached * piety under Zin
  4048 | D:4      | Reached skill level 6 in Axes
  4279 | D:4      | Found a runed translucent door.
  4280 | D:4      | Noticed Crazy Yiuf
  4291 | D:4      | Killed Crazy Yiuf
  4394 | D:4      | Noticed a polar bear
  4394 | D:4      | Noticed a polar bear
  4394 | D:4      | Noticed a polar bear
  4396 | D:4      | HP: 1/55 [polar bear[the rage of Trog] (5)]
  4396 | D:4      | Slain by a polar bear

Illustrated notes

Levels and vault maps discovered:
D:1:      nzn_arrival_crosshair, layout_basic, serial_shops,
          nicolae_shop_advertising_works [nicolae_subvault_shop_adworks],
          minivault_25
D:2:      layout_rooms, minmay_misc_feat_tower, minmay_misc_feat_hallway,
          chequers_jeans, minivault_4
D:3:      layout_basic, dreamdust_ecumenical_altar_sealed_demon, uniq_sigmund
D:4:      layout_loops_ring, zin_angel, uniq_menkaure, uniq_crazy_yiuf_cottage,
          uniq_robin

Skill      XL: |  1  2  3  4  5  6  7 |
---------------+----------------------+-----
Stealth        | 1 2 3 |  3.5
Dodging        | 2 3 |  3.5
Axes           | 4 5 6 |  6.1
Fighting       | 4 |  4.9
Throwing       | 1 |  1.5
Armour         | |  2.3
Invocations    | |  0.6

Action                   |  1- 3 |  4- 6 |  7- 9 || total
-------------------------+-------+-------+-------++-------
Melee: Hand axe          |    75 |    89 |    74 ||   238
       Punch             |     1 |       |     2 ||     3
Throw: Dart              |       |     8 |     4 ||    12
       Javelin           |       |     2 |     1 ||     3
  Use: Scroll            |       |       |     1 ||     1
 Stab: Sleeping          |     3 |       |     2 ||     5
Armor: Animal skin       |    11 |       |       ||    11
       Robe              |    15 |     3 |     5 ||    23
Dodge: Dodged            |    55 |    61 |    60 ||   176
